 Dungeon Crawl Stone Soup version 0.30.1-11-g7821555f0a (webtiles) character file.

Game seed: 8714441841683375214

109 ChristianGnoll the Shield-Bearer (level 4, -6/41 HPs)
             Began as a Gnoll Fighter on Nov 12, 2023.
             Mangled by an ogre
             ... wielding a +0 giant club
              (29 damage)
             ... on level 5 of the Dungeon.
             The game lasted 00:02:29 (575 turns).

ChristianGnoll the Shield-Bearer (Gnoll Fighter)     Turns: 575, Time: 00:02:29

Health: -6/41      AC:  7    Str: 15    XL:     4   Next: 90%
Magic:  6/6        EV:  9    Int: 10    God:
Gold:   33         SH:  6    Dex: 11    Spells: 2/5 levels left

rFire   . . .        a - +0 war axe
rCold   . . .        c - +1 buckler
rNeg    . . .        b - +0 scale mail
rPois   .            (no helmet)
rElec   .            (no cloak)
rCorr   .            (no gloves)
SInv    .            (no boots)
Will    .....        (no amulet) Stlth
                     (no ring)
HPRegen 0.26/turn    (no ring)
MPRegen 0.10/turn

%: no passive effects
@: mighty
A: fangs 1, strong nose, distributed training
a: no special abilities


You were on level 5 of the Dungeon.
You visited 1 branch of the dungeon, and saw 4 of its levels.

You collected 33 gold pieces.

Inventory:

Hand Weapons
 a - a +0 war axe (weapon)
Armour
 b - a +0 scale mail (worn)
 c - a +1 buckler (worn)
Scrolls
 e - a scroll of identify
 f - 2 scrolls of noise
 g - a scroll of blinking
 j - a scroll of fog
Potions
 i - a potion of berserk rage {unknown}


   Skills:
 + Level 6.6 Fighting
 + Level 1.3 Short Blades
 + Level 1.3 Long Blades
 + Level 4.7 Axes
 + Level 1.3 Maces & Flails
 + Level 1.3 Polearms
 + Level 1.3 Staves
 + Level 1.3 Ranged Weapons
 + Level 1.3 Throwing
 + Level 6.6 Armour
 + Level 1.3 Dodging
 + Level 1.3 Stealth
 + Level 6.6 Shields
 + Level 1.3 Unarmed Combat
 + Level 1.3 Spellcasting
 + Level 1.1 Conjurations
 + Level 1.1 Hexes
 + Level 1.1 Summonings
 + Level 1.1 Necromancy
 + Level 1.1 Translocations
 + Level 1.1 Transmutations
 + Level 1.1 Fire Magic
 + Level 1.1 Ice Magic
 + Level 1.1 Air Magic
 + Level 1.1 Earth Magic
 + Level 1.1 Poison Magic
 + Level 1.5 Invocations
 + Level 1.3 Evocations


You had 2 spell levels left.
You knew the following spells:

 Your Spells              Type           Power      Damage    Failure   Level
a - Inner Flame           Hex/Fire       2%         N/A       95%         3

Your spell library contained the following spells:

 Spells                   Type           Power      Damage    Failure   Level
 Iskenderun's Battlesphe  Conj           2%         2d6       100%        5
 Yara's Violent Unravell  Hex/Tmut       1%         3d3       100%        5
 Conjure Ball Lightning   Conj/Air       1%         3x3d6     100%        6
 Enfeeble                 Hex            1%         N/A       100%        7
 Chain Lightning          Conj/Air       1%         3d1       100%        9


Dungeon Overview and Level Annotations

Branches:
Dungeon (3/15)

Altars:
Nemelex Xobeh
Ru

Shops:
D:1 (


Innate Abilities, Weirdness & Mutations

You have very sharp teeth.
Your uncanny sense of smell can sniff out nearby items.
Your experience applies equally to all skills.


Message History

Your Unarmed Combat skill increases to level 1!
Your Spellcasting skill increases to level 1!
Your Conjurations skill increases to level 1!
Your Hexes skill increases to level 1!
Your Summonings skill increases to level 1!
Your Necromancy skill increases to level 1!
Your Translocations skill increases to level 1!
Your Transmutations skill increases to level 1!
Your Fire Magic skill increases to level 1!
Your Ice Magic skill increases to level 1!
Your Air Magic skill increases to level 1!
Your Earth Magic skill increases to level 1!
Your Poison Magic skill increases to level 1!
Your Invocations skill increases to level 1!
Your Evocations skill increases to level 1!
You have reached level 4!
You feel clever.
Things that are here:
a +0 giant club; an ogre corpse You start resting.
Magic restored.
You start resting.
An orc comes into view. It is wielding a +0 mace.
The orc shouts!
Things that are here:
a +0 giant club; an ogre corpse An orc comes into view.
It is wielding a +0 hand axe.
An orc comes into view. It is wielding a +0 hand axe.
Found a sacrificial altar of Ru.
The orc shouts!
An ogre and an orc come into view.
The orc shouts!
Things that are here:
a +0 giant club; an ogre corpse You feel very mighty all of a sudden.
The orc hits you but does no damage.
You barely miss the orc. You hit the ogre. The orc hits you with a +0 hand axe.
The ogre hits you with a +0 giant club!!
Ouch! That really hurt!
You die...

### ###.## ##
#....# ##.# ##....#
##...####...###
#......#...##
#.........).#
#.....≈≈≈....#
###..≈≈≈≈≈.@.#.#...
#..(≈≈_≈≈.oO....._
#...(≈≈.≈≈.o.##....
##.?.≈≈.≈≈...# ...
###.≈≈.≈≈...# ..
#.≈...≈.o## .
.≈.8.≈o.# ........#
......#..


You could see an ogre and 4 orcs.

Vanquished Creatures
  An ogre (D:5)
  2 adders (D:2)
  A ball python (D:1)
  An endoplasm (D:1)
  A goblin (D:3)
  4 hobgoblins
  3 bats
13 creatures vanquished.

Notes
Turn   | Place    | Note
-------+----------+-------------------------------------------
     0 | D:1      | ChristianGnoll the Gnoll Fighter began the quest for the
                  | Orb.
     0 | D:1      | Reached XP level 1. HP: 23/23 MP: 1/1
    42 | D:1      | Found Pergho's Weapon Shop.
    51 | D:1      | Got the Parchment of Conflict
   227 | D:1      | Reached XP level 2. HP: 29/29 MP: 2/2
   451 | D:2      | Reached XP level 3. HP: 31/35 MP: 2/4
   462 | D:2      | Learned a level 3 spell: Inner Flame
   487 | D:3      | You fall into a shaft and drop 2 floors!
   487 | D:5      | Entered Level 5 of the Dungeon
   487 | D:5      | Found a sparkling altar of Nemelex Xobeh.
   494 | D:5      | Noticed an ogre
   509 | D:5      | Killed an ogre
   510 | D:5      | Reached skill level 1 in Short Blades
   510 | D:5      | Reached skill level 1 in Long Blades
   510 | D:5      | Reached skill level 1 in Maces & Flails
   510 | D:5      | Reached skill level 1 in Polearms
   510 | D:5      | Reached skill level 1 in Staves
   510 | D:5      | Reached skill level 1 in Ranged Weapons
   510 | D:5      | Reached skill level 1 in Throwing
   510 | D:5      | Reached skill level 1 in Dodging
   510 | D:5      | Reached skill level 1 in Stealth
   510 | D:5      | Reached skill level 1 in Unarmed Combat
   510 | D:5      | Reached skill level 1 in Spellcasting
   510 | D:5      | Reached skill level 1 in Conjurations
   510 | D:5      | Reached skill level 1 in Hexes
   510 | D:5      | Reached skill level 1 in Summonings
   510 | D:5      | Reached skill level 1 in Necromancy
   510 | D:5      | Reached skill level 1 in Translocations
   510 | D:5      | Reached skill level 1 in Transmutations
   510 | D:5      | Reached skill level 1 in Fire Magic
   510 | D:5      | Reached skill level 1 in Ice Magic
   510 | D:5      | Reached skill level 1 in Air Magic
   510 | D:5      | Reached skill level 1 in Earth Magic
   510 | D:5      | Reached skill level 1 in Poison Magic
   510 | D:5      | Reached skill level 1 in Invocations
   510 | D:5      | Reached skill level 1 in Evocations
   510 | D:5      | Reached XP level 4. HP: 9/41 MP: 4/6
   567 | D:5      | Found a sacrificial altar of Ru.
   568 | D:5      | Noticed an ogre
   575 | D:5      | Mangled by an ogre

Illustrated notes

Levels and vault maps discovered:
D:1:      shiori_shiawase, layout_loops_corners, serial_shops, shop,
          chequers_serial_rivers_small_3, minmay_misc_feat_ornament
D:2:      layout_loops_ring
D:3:      layout_rooms, kennysheep_okawaru_gauntlet, uniq_grinder
D:5:      lemuel_ratsnest, layout_cave_pools, nicolae_overflow_crystal_walls,
          tso_metal_star, mainiacjoe_overflow_catwalk, minmay_between,
          uniq_duvessa

Skill      XL: |  1  2  3 |
---------------+----------+-----
Short Blades   | 1 |  1.3
Long Blades    | 1 |  1.3
Maces & Flails | 1 |  1.3
Polearms       | 1 |  1.3
Staves         | 1 |  1.3
Ranged Weapons | 1 |  1.3
Throwing       | 1 |  1.3
Dodging        | 1 |  1.3
Stealth        | 1 |  1.3
Unarmed Combat | 1 |  1.3
Spellcasting   | 1 |  1.3
Conjurations   | 1 |  1.1
Hexes          | 1 |  1.1
Summonings     | 1 |  1.1
Necromancy     | 1 |  1.1
Translocations | 1 |  1.1
Transmutations | 1 |  1.1
Fire Magic     | 1 |  1.1
Ice Magic      | 1 |  1.1
Air Magic      | 1 |  1.1
Earth Magic    | 1 |  1.1
Poison Magic   | 1 |  1.1
Invocations    | 1 |  1.5
Evocations     | 1 |  1.3
Fighting       | |  6.6
Axes           | |  4.7
Armour         | |  6.6
Shields        | |  6.6

Action                     |  1- 3 |  4- 6 || total
---------------------------+-------+-------++-------
  Melee: War axe           |    36 |     1 ||    37
         Bite              |     3 |       ||     3
  Throw: Dart              |     7 |       ||     7
    Use: Scroll            |     5 |       ||     5
         Potion            |       |     1 ||     1
 Armour: Scale mail        |    16 |     1 ||    17
  Dodge: Dodged            |     9 |       ||     9
  Block: Buckler           |    10 |       ||    10
